Map: Year Zero LE

Players

Lambo - Winner!

  • Race: Zerg Zerg
  • League: Grandmaster
  • Spawn Location: 11:00

GOStephano (Stephano)

  • Race: Zerg Zerg
  • League: Master
  • Spawn Location: 1:00

VOD

Have the link to the VOD?

Description

Time

  • Played on: Feb. 11, 2019, 8:13 a.m.
  • Length: 10:28
Show
View Real Time Build Order
Export as new Build Order

Lambo Zerg - Winner!

Build Orders: Hatch First 

Get SALT Encoding   

  12  0:01  Drone  
  13  0:13  Overlord  
  13  0:17  Drone  
  14  0:32  Drone x2  
  16  0:50  Hatchery  
  16  0:53  Drone  
  16  0:57  Drone  
  16  1:00  Drone  
  18  1:11  Extractor  
  18  1:15  Spawning Pool  
  16  1:18  Drone  
  16  1:22  Drone  
  18  1:30  Drone  
  19  1:41  Drone  
  20  1:58  Drone  
  21  2:02  Queen x2  
  21  2:04  Overlord, Drone  
  26  2:14  Drone  
  27  2:16  Drone  
  28  2:24  Drone x2  
  30  2:38  Hatchery  
  30  2:42  Zergling x2  
  30  2:43  Drone  
  31  2:45  Drone  
  31  2:51  Drone  
  33  2:52  Evolution Chamber  
  33  2:56  Overlord  
  33  2:58  Drone  
  33  3:06  Drone, Roach Warren  
  33  3:09  Drone x2  
  33  3:10  Drone  
  36  3:15  Drone x2  
  36  3:16  Drone  
  36  3:19  Zerg Missile Weapons Level 1  
  39  3:24  Drone x2  
  41  3:30  Lair  
  41  3:33  Overlord  
  41  3:35  Drone  
  41  3:38  Drone  
  41  3:39  Drone  
  43  3:44  Extractor  
  43  3:46  Extractor, Drone x2  
  44  3:53  Roach x4  
  44  3:55  Overlord  
  52  3:58  Overlord  
  52  4:13  Roach  
  54  4:17  Drone  
  54  4:18  Roach x2, Drone  
  54  4:19  Roach x2  
  54  4:20  Overlord  
  64  4:25  Roach x2  
  68  4:34  Glial Reconstitution  
  68  4:36  Overlord  
  68  4:40  Overlord  
  68  4:47  Roach x4  
  68  4:51  Overlord  
  76  4:54  Overlord  
  76  4:56  Overlord  
  76  4:58  Overlord  
  76  5:04  Drone  
  77  5:07  Extractor  
  77  5:10  Drone, Hatchery  
  77  5:11  Drone  
  77  5:13  Drone  
  78  5:18  Zerg Missile Weapons Level 2  
  78  5:22  Drone  
  78  5:24  Roach, Evolution Chamber  
  78  5:28  Roach  
  82  5:32  Drone  
  82  5:33  Roach x2  
  87  5:38  Roach  
  87  5:39  Overseer  
  87  5:41  Roach  
  91  5:55  Zerg Ground Armor Level 1  
  91  5:59  Drone x2  
  91  6:00  Drone x2  
  91  6:03  Roach x4  
  103  6:16  Drone x4  
  107  6:19  Queen  
  107  6:21  Overseer  
  111  6:25  Roach  
  111  6:26  Roach x3  
  111  6:31  Roach x2  
  111  6:32  Overlord  
  121  6:35  Overlord  
  121  6:42  Overlord, Nydus Network  
  120  6:49  Roach  
  120  6:52  Roach x2  
  126  7:02  Roach x5  
  126  7:05  Roach  
  126  7:06  Roach  
  140  7:10  Roach x2  
  146  7:15  Roach  
  146  7:27  Nydus Canal  
  146  7:29  Overlord  
  146  7:30  Overlord  
  146  7:31  Overlord  
  146  7:33  Overlord  
  146  7:37  Overlord  
  146  7:42  Overlord  
  146  7:46  Nydus Canal  
  146  7:50  Roach x10  
  156  7:55  Roach  
  135  8:01  Roach x4  
  135  8:03  Roach x2  
  135  8:05  Roach  
  137  8:10  Nydus Canal  
  137  8:12  Roach x2  
  131  8:14  Overseer  
  131  8:15  Roach  
  131  8:19  Roach  
  127  8:20  Roach  
  127  8:25  Roach  
  119  8:28  Roach  
  111  8:35  Roach x2  
  109  8:41  Roach x4  
  109  8:46  Roach  
  117  8:51  Roach x2  
  117  8:53  Roach  
  117  8:55  Ravager x2  
  125  9:04  Roach  
  125  9:05  Roach x2  
  125  9:09  Roach x2  
  135  9:15  Roach x2  
  139  9:23  Roach x2  
  143  9:26  Roach  
  143  9:28  Ravager x2  
  147  9:32  Nydus Canal  
  147  9:33  Roach  
  147  9:38  Roach x2  
  152  9:41  Roach  
  152  9:44  Roach  
  153  9:50  Roach x2  
  154  9:53  Roach  
  154  9:56  Roach  
  155  10:01  Roach  
  155  10:05  Nydus Canal  
  141  10:07  Roach  
  141  10:08  Roach  
  137  10:19  Nydus Canal  
Show
View Real Time Build Order
Export as new Build Order

GOStephano Zerg 

Build Orders: Hatch First, Roach Nydus 

Get SALT Encoding   

  12  0:00  Drone  
  13  0:13  Overlord  
  13  0:17  Drone  
  14  0:31  Drone x2  
  16  0:49  Hatchery  
  15  0:52  Drone  
  15  0:56  Drone  
  17  0:59  Drone  
  18  1:10  Extractor  
  17  1:15  Spawning Pool  
  17  1:18  Drone  
  17  1:22  Drone  
  18  1:29  Drone  
  19  1:39  Drone  
  20  1:49  Drone  
  21  2:00  Overlord  
  21  2:01  Queen x2  
  21  2:03  Drone  
  26  2:11  Drone  
  26  2:12  Drone  
  28  2:22  Drone x2  
  30  2:33  Drone x2  
  32  2:37  Queen  
  32  2:38  Lair  
  34  2:46  Overlord  
  34  2:47  Extractor  
  34  2:48  Drone  
  34  2:54  Drone  
  34  2:56  Drone, Roach Warren  
  35  3:05  Drone  
  36  3:08  Drone  
  36  3:09  Drone x2  
  36  3:10  Drone x2  
  41  3:16  Queen  
  43  3:28  Overlord  
  43  3:36  Nydus Network  
  44  3:41  Roach  
  44  3:42  Overlord x2  
  44  3:43  Evolution Chamber  
  43  3:49  Roach x2  
  43  3:50  Roach  
  43  3:55  Roach  
  51  4:01  Drone x3  
  51  4:02  Drone  
  55  4:10  Zerg Missile Weapons Level 1  
  55  4:11  Glial Reconstitution  
  55  4:18  Drone x4  
  55  4:19  Drone  
  55  4:22  Extractor  
  59  4:31  Hatchery  
  58  4:32  Drone  
  58  4:35  Extractor  
  58  4:36  Nydus Canal  
  58  4:38  Drone  
  59  4:39  Drone  
  59  4:40  Drone  
  61  4:46  Drone  
  61  4:47  Drone  
  61  4:51  Drone x2  
  65  4:58  Nydus Canal  
  65  5:02  Roach  
  67  5:11  Overlord  
  67  5:21  Overlord  
  67  5:24  Overlord, Drone  
  68  5:29  Queen  
  68  5:31  Drone x6  
  68  5:33  Tunneling Claws  
  68  5:34  Burrow  
  76  5:35  Overseer  
  77  5:42  Drone  
  77  5:43  Drone  
  78  5:51  Overlord x2  
  78  5:54  Drone  
  83  5:57  Roach x5  
  89  6:04  Zerg Missile Weapons Level 2  
  89  6:08  Evolution Chamber, Overlord  
  89  6:09  Overlord x2  
  89  6:11  Overseer  
  88  6:19  Overlord  
  88  6:20  Roach x5  
  88  6:25  Overlord  
  98  6:28  Extractor  
  98  6:29  Extractor  
  98  6:30  Drone x3  
  98  6:31  Drone x2  
  101  6:47  Zerg Ground Armor Level 1  
  101  6:48  Roach x7  
  101  6:51  Drone x3  
  101  6:52  Drone  
  119  6:56  Ravager x4  
  119  6:59  Nydus Canal  
  119  7:00  Roach x2  
  127  7:02  Roach  
  127  7:06  Roach  
  131  7:11  Roach x3  
  131  7:12  Roach  
  139  7:16  Pneumatized Carapace  
  139  7:19  Overseer  
  139  7:24  Roach x3  
  139  7:27  Roach x3, Nydus Canal  
  145  7:32  Overlord  
  145  7:33  Ravager  
  145  7:36  Overlord  
  146  7:42  Overlord  
  146  7:49  Roach  
  146  7:50  Roach x2  
  140  7:52  Roach  
  140  7:53  Roach x7  
  140  7:58  Roach x2  
  140  8:01  Roach x2  
  140  8:03  Roach  
  140  8:05  Roach  
  129  8:09  Roach x3  
  129  8:11  Roach  
  117  8:15  Roach  
  102  8:20  Roach x2  
  102  8:24  Roach  
  94  8:29  Roach x2  
  94  8:30  Roach  
  94  8:33  Roach  
  97  8:36  Roach  
  97  8:40  Roach  
  99  8:42  Roach x10  
  99  8:46  Roach  
  99  8:47  Roach x2  
  105  8:49  Roach  
  105  8:56  Roach  
  105  8:57  Roach x2  
  109  9:05  Roach x3  
  109  9:07  Roach  
  117  9:14  Roach x3  
  123  9:17  Roach x4, Ravager x3  
  123  9:23  Roach x3  
  132  9:25  Roach  
  132  9:27  Roach  
  134  9:32  Roach x2  
  134  9:35  Roach  
  138  9:39  Roach  
  138  9:40  Roach  
  138  9:41  Roach x3  
  142  9:46  Roach x3  
  142  9:52  Nydus Canal  
  138  9:54  Roach x2  
  132  10:05  Roach x4  
  108  10:08  Roach  
Tags
 
Add a new tag
Caveats
  • Supply blocks, unpowered buildings, or Contaminate may cause inaccurate times.
  • Supply counts are checked every 10 seconds.